 Dungeon Crawl Stone Soup version 0.20.1-1-g8b1a95d (webtiles) character file.

1147 mopl the Covered (level 8, 0/64 HPs)
             Began as a Formicid Wanderer on Sept 23, 2017.
             Slain by a steam dragon (4 damage)
             ... on level 5 of the Dungeon.
             The game lasted 00:09:00 (6439 turns).

mopl the Covered (Formicid Wanderer)                Turns: 6439, Time: 00:09:01

Health: 0/64       AC:  7    Str: 19    XL:     8   Next: 64%
Magic:  9/9        EV:  9    Int: 11    God:
Gold:   199        SH:  3    Dex: 11    Spells: 8/9 levels left

rFire    + . .     SeeInvis +   n - +0 scythe
rCold    . . .     Gourm    .   B - +0 buckler
rNeg     . . .     Faith    .   C - +0 scale mail
rPois    .         Spirit   .   (helmet unavailable)
rElec    .         Reflect  .   y - scarf {cloud immunity}
rCorr    .         Harm     .   (no gloves)
MR       .....                  (no boots)
Stlth    ..........             (no amulet)
Regen    0.2/turn               w - ring of protection from fire (curse)
MPRegen  0.2/turn               (no ring)

@: no status effects
A: permanent stasis, dig shafts and tunnels, four strong arms, antennae 3
a: Dig, Shaft Self


You were on level 5 of the Dungeon.
You were not hungry.

You visited 1 branch of the dungeon, and saw 5 of its levels.

You collected 199 gold pieces.

Inventory:

Hand Weapons
 d - a +0 halberd
 k - a +0 hand axe
 n - a +0 scythe (weapon)
 A - the +2 quarterstaff of Pificsoa {crush, rPois rN+ Str-3 Stlth+}
   (You found it on level 5 of the Dungeon)

   It inflicts extra damage upon your enemies.
   It affects your strength (-3).
   It protects you from poison.
   It protects you from negative energy.
   It makes you more stealthy.
Missiles
 a - 6 poisoned needles
 D - 2 throwing nets (quivered)
Armour
 y - a scarf of cloud immunity (worn)
 B - a +0 buckler (worn)
 C - a +0 scale mail (worn)
Jewellery
 l - an uncursed ring of wizardry
 w - a cursed ring of protection from fire (left hand)
Wands
 r - a wand of flame (15/48)
 s - a wand of digging (12/24)
Scrolls
 b - a scroll of amnesia {unknown}
 e - a scroll of blinking {unknown}
 g - a scroll of recharging {unknown}
 j - 3 scrolls of identify {unknown}
 m - a scroll of fog {unknown}
 o - a scroll of magic mapping {unknown}
 t - a scroll of teleportation {unknown}
 u - a scroll of immolation {unknown}
 x - a scroll of fear {unknown}
Potions
 h - a potion of lignification {unknown}
 i - a potion of magic {unknown}
 q - a potion of haste {unknown}
 v - a potion of agility {unknown}
 z - 2 potions of brilliance {unknown}
Books
 F - a book of Cantrips

   Spells                             Type                      Level
   a - Confusing Touch                Hexes                        1
   b - Animate Skeleton               Necromancy                   1
   c - Summon Small Mammal            Summoning                    1
   d - Apportation                    Translocation                1
Comestibles
 c - 3 chunks of flesh
 f - 6 bread rations
 p - a royal jelly
 E - 2 meat rations


   Skills:
 + Level 5.8 Fighting
 * Level 6.0 Axes
   Level 1.0(3.8) Maces & Flails
 + Level 6.4 Armour
 - Level 1.2 Stealth
 + Level 1.0 Shields
 - Level 1.1 Spellcasting
   Level 1.2 Hexes
   Level 1.1 Transmutations
 - Level 1.1 Evocations


You had 8 spell levels left.
You knew the following spells:

 Your Spells              Type           Power        Failure   Level  Hunger
a - Apportation           Tloc           #.....       75%         1    ##.....


Dungeon Overview and Level Annotations

Branches:
Dungeon (5/15)
 Temple: D:4-7

Altars:
Ashenzari
Cheibriados
Dithmenos
Kikubaaqudgha
Qazlal
Ru
Sif Muna
Yredelemnul
The Shining One


Innate Abilities, Weirdness & Mutations

You cannot be hasted, slowed, berserked, paralysed or teleported.
You can dig through walls and to a lower floor.
Your four strong arms can wield two-handed weapons with a shield.
You have a pair of large antennae on your head. (SInv)


Message History

The steam dragon claws you.
* * * LOW HITPOINT WARNING * * *
The steam dragon closely misses you. The steam dragon barely misses you.
The sky beast is engulfed in a cloud of scalding steam.
The sky beast hits you but does no damage.
The steam dragon bites you.
* * * LOW HITPOINT WARNING * * *
The steam dragon claws you but does no damage.
The steam dragon breathes steam at you. The ball of steam hits you! You resist.
* * * LOW HITPOINT WARNING * * *
Unknown command.
You barely miss the steam dragon. The sky beast barely misses you.
The steam dragon breathes steam at you. The ball of steam hits you! You resist.
* * * LOW HITPOINT WARNING * * *
The ball of steam hits the sky beast.
The sky beast dies!
The steam dragon bites you.
You die...

.# #.............# .#
#.............#
.#######.............#
.....................#
..................####
###.............###PP###
^≈###.....#######≈.≈..P#
.P..#######≈^.≈§P≈P....#
..P..PP........D@§§.....
).........P≈P.P.)D≈....≈
.P.≈PP≈≈#########.....PP
≈######## #...PP# ##..
#...## .... { #### ....
.... ....


You could see 2 steam dragons.

Vanquished Creatures
  Sigmund (D:2)
  2 ogres
  A phantom (D:4)
  A centaur (D:5)
  A gnoll sergeant (D:4)
  A howler monkey (D:5)
  4 hounds
  2 bullfrog skeletons
  2 iguanas (D:4)
  2 orc wizards (D:4)
  2 worker ants (D:4)
  9 gnolls
  11 adders
  2 oozes
  An adder zombie (D:3)
  2 worms
  A dart slug (D:1)
  3 leopard geckos
  3 orcs (D:4)
  A ball python (D:3)
  4 bats (D:1)
  9 giant cockroaches
  8 goblins
  10 hobgoblins
  9 jackals
  3 quokkas
  10 frilled lizards
  6 kobolds
  A quokka skeleton (D:4)
  21 rats
133 creatures vanquished.

Vanquished Creatures (others)
  A sky beast (D:5)
  2 fungi (D:5)
  2 withered plants (D:4)
5 creatures vanquished.

Grand Total: 138 creatures vanquished

Notes
Turn   | Place    | Note
-------+----------+-------------------------------------------
     0 | D:1      | mopl the Formicid Wanderer began the quest for the Orb.
     0 | D:1      | mopl set off with: a book of Maledictions, the Catalogue of Flames, a +0 ring mail, a +0 club, a bread ration
     0 | D:1      | Reached XP level 1. HP: 15/15 MP: 2/2
     0 | D:1      | Identified the Catalogue of Flames
   291 | D:1      | Reached XP level 2. HP: 21/22 MP: 3/3
   331 | D:1      | Reached skill level 2 in Fighting
   370 | D:1      | Reached XP level 3. HP: 22/27 MP: 4/4
   436 | D:1      | Reached skill level 4 in Armour
  1156 | D:2      | Reached XP level 4. HP: 34/34 MP: 5/5
  1369 | D:2      | Reached skill level 1 in Axes
  1383 | D:2      | Reached skill level 3 in Fighting
  1779 | D:2      | Reached XP level 5. HP: 38/41 MP: 6/6
  1797 | D:2      | Found a glowing golden altar of the Shining One.
  1913 | D:1      | HP: 1/41 [adder (3)]
  1991 | D:2      | Reached skill level 2 in Axes
  2923 | D:2      | Noticed Sigmund
  2936 | D:2      | Killed Sigmund
  2936 | D:2      | Reached skill level 4 in Fighting
  2936 | D:2      | Reached skill level 3 in Axes
  2936 | D:2      | Reached skill level 5 in Armour
  2936 | D:2      | Reached XP level 6. HP: 31/48 MP: 7/7
  3278 | D:3      | Found a sacrificial altar of Ru.
  3441 | D:3      | Reached XP level 7. HP: 54/54 MP: 8/8
  4396 | D:4      | Reached skill level 4 in Axes
  4492 | D:4      | Found an ancient bone altar of Kikubaaqudgha.
  4883 | D:4      | Reached skill level 5 in Fighting
  4883 | D:4      | Reached skill level 5 in Axes
  4883 | D:4      | Reached XP level 8. HP: 9/62 MP: 9/9
  5159 | D:4      | Found a deep blue altar of Sif Muna.
  5175 | D:4      | Reached skill level 6 in Armour
  5502 | D:4      | Found a stormy altar of Qazlal.
  5502 | D:4      | Found a shattered altar of Ashenzari.
  5503 | D:4      | Found a snail-covered altar of Cheibriados.
  5503 | D:4      | Found a basalt altar of Yredelemnul.
  5729 | D:5      | Entered Level 5 of the Dungeon
  5758 | D:5      | Got a scorched quarterstaff
  5896 | D:4      | Identified the +2 quarterstaff of Pificsoa {crush, rPois rN+ Str-3 Stlth+} (You found it on level 5 of the Dungeon)
  6269 | D:5      | Found a shadowy altar of Dithmenos.
  6340 | D:5      | Learned a level 1 spell: Apportation
  6384 | D:5      | Reached skill level 6 in Axes
  6438 | D:5      | Reached skill level 1 in Shields
  6439 | D:5      | Slain by a steam dragon

Skill      XL: |  1  2  3  4  5  6  7  8 |
---------------+-------------------------+-----
Fighting       | 2 3 4 5 |  5.8
Armour         | 4 5 6 |  6.4
Axes           | 1 3 5 6 |  6.0
Shields        | 1 |  1.0
Maces & Flails | |  1.0
Stealth        | |  1.2
Spellcasting   | |  1.1
Hexes          | |  1.2
Transmutations | |  1.1
Evocations     | |  1.1

Action                   |  1- 3 |  4- 6 |  7- 9 || total
-------------------------+-------+-------+-------++-------
Melee: Club              |    45 |       |       ||    45
       Whip              |   136 |    11 |       ||   147
       Hand axe          |       |   139 |       ||   139
       Halberd           |       |    53 |   200 ||   253
       Scythe            |       |       |    36 ||    36
 Abil: Dig               |       |       |     2 ||     2
  Use: Potion            |       |     2 |       ||     2
  Eat: Chunk             |     1 |     8 |    10 ||    19
Armor: Ring mail         |   101 |   112 |    74 ||   287
       Scale mail        |       |       |    32 ||    32
Dodge: Dodged            |   109 |   173 |   128 ||   410
Block: Buckler           |       |       |    12 ||    12
